 Dungeon Crawl Stone Soup version 0.30-a0-916-g9813417 (webtiles) character file.

Game seed: 11771824035605887114

0 Think the Shield-Bearer (level 1, 0/16 HPs)
             Began as an Octopode Fighter on Mar 21, 2023.
             Frozen to death by an endoplasm (5 damage)
             ... on level 1 of the Dungeon.
             The game lasted 00:00:12 (28 turns).

Think the Shield-Bearer (Octopode Fighter)            Turns: 28, Time: 00:00:13

Health: 0/16       AC:  1    Str: 15    XL:     1   Next: 10%
Magic:  1/1        EV: 13    Int: 10    God:
Gold:   0          SH:  4    Dex: 11    Spells: 0/0 levels left

rFire   . . .      SeeInvis .    a - +0 long sword
rCold   . . .      Faith    .    b - +0 buckler
rNeg    . . .      Spirit   .    (helmet restricted)
rPois   .          Reflect  .    (no amulet)
rElec   .          Rampage  .    (no ring)
rCorr   .                        (no ring)
Will    .....                    (no ring)
Stlth   ++                       (no ring)
HPRegen 0.22/turn                (no ring)
MPRegen 0.07/turn                (no ring)
                                 (no ring)
                                 (no ring)

@: no status effects
A: almost no armour, amphibious, 8 rings, camouflage 1, gelatinous body 1,
(nimble swimmer 1), tentacles
a: no special abilities


You were on level 1 of the Dungeon.
You visited 1 branch of the dungeon, and saw 1 of its levels.

Inventory:

Hand Weapons
 a - a +0 long sword (weapon)
Armour
 b - a +0 buckler (worn)
Potions
 c - a potion of might


   Skills:
 - Level 3.0 Fighting
 - Level 2.0 Long Blades
 + Level 3.0 Dodging
 - Level 3.0 Shields


You couldn't memorise any spells.
You didn't know any spells.
Your spell library was empty.

Dungeon Overview and Level Annotations

Branches:
Dungeon (1/15)

Altars:


Innate Abilities, Weirdness & Mutations

You cannot wear most types of armour.
You are amphibious.
You can wear up to eight rings at the same time.
Your skin changes colour to match your surroundings (Stealth+).
Your rubbery body absorbs attacks. (AC +1, EV +1)
((You are camouflaged when in or above water. (Stealth+)))
You have tentacles for arms and can constrict up to eight enemies at once.


Message History

Welcome, Think the Octopode Fighter.
Everyone else who sought the Orb of Zot has failed.
Will you be different?
Press ? for a list of commands and other information.
Found a staircase leading out of the dungeon.
You open the door.
Found 3 boomerangs.
There is an open door here.
There is a fountain of clear blue water here.
Key pressed, stopping explore.
You open the door.
A ball python and an endoplasm come into view.
There is an open door here.
There are monsters nearby!
There are monsters nearby!
An endoplasm comes into view.
Found 9 gold pieces.
The ball python hisses angrily.
The endoplasm quivers.
An endoplasm comes into view.
There is an open door here.
The ball python bites you. The ball python completely misses you.
You barely miss the ball python. You grab the ball python.
You squeeze the ball python.
You kill the ball python!
The endoplasm freezes you.
You are frozen.
The endoplasm freezes you.
You are frozen.
There are monsters nearby!
You hit the endoplasm.
The endoplasm is moderately wounded.
The endoplasm freezes you.
You are frozen.
You die...

#.8.8.## .....#
#..8...## ..J.#
#.8.8...##....#####
#(.......##S.......
#.###.⌠.⌠.#........
#.+.#.....#........
#.#<#..8..'........
#.'.#.....##.######
#.###@J.⌠.# .#
#.....J..## .#
#.8.8...## ..
#..8...## ..
#.8.8.## J..
#.....# #######


You could see 2 endoplasms.

Vanquished Creatures
  A ball python (D:1)
1 creature vanquished.

Notes
Turn   | Place    | Note
-------+----------+-------------------------------------------
     0 | D:1      | Think the Octopode Fighter began the quest for the Orb.
     0 | D:1      | Reached XP level 1. HP: 16/16 MP: 1/1
    28 | D:1      | Frozen to death by an endoplasm

Illustrated notes

Levels and vault maps discovered:
D:1:      ncdulo_halloftheorcs, layout_loops_ring, serial_forest,
          infiniplex_forest_lined_3, infiniplex_forest_lined_2,
          infiniplex_forest_corner_1, infiniplex_forest_clump_tiny,
          feat_on_display

Action                     || total
---------------------------++-------
  Melee: Long sword        ||     2
         Constrict         ||     1
         Tentacles         ||     1
  Dodge: Dodged            ||     1

Table legend: (Time is in decaauts)
 A = Elapsed time spent in this place.
 B = Non-inter-level travel time spent in this place.
 C = Inter-level travel time spent in this place.
 D = Time resting spent in this place.
 E = Time spent auto-exploring this place.
 F = Levels seen in this place.
 G = Mean time per level.
                   A        B        C        D        E       F      G
               +--------+--------+--------+--------+--------+-----+--------+
         Total |     28 |     28 |      0 |      0 |     13 |   1 |   28.0 |
       Dungeon |     28 |     28 |      0 |      0 |     13 |   1 |   28.0 |
               +--------+--------+--------+--------+--------+-----+--------+

Top non-repeatable levels by time:
     D:1: 28 daAuts
